 Dungeon Crawl Stone Soup version 0.24.0-123-gd5b16e6ec5 (console) character file.

Game seed: 9463876216070831235, levelgen mode: deterministic

317 Kagalorn the Cutter (level 6, -6/44 HPs)
             Began as a Human Assassin on Dec 26, 2019.
             Killed from afar by an orc wizard (8 damage)
             ... with a puff of flame
             ... on level 4 of the Dungeon.
             The game lasted 00:12:27 (4473 turns).

Kagalorn the Cutter (Human Assassin)                Turns: 4473, Time: 00:12:28

Health: -6/44      AC:  4    Str: 11    XL:     6   Next: 74%
Magic:  6/6        EV: 11    Int: 14    God:
Gold:   181        SH:  0    Dex: 14    Spells: 5/5 levels left

rFire    . . .     SeeInvis .   w - +1 short sword (speed)
rCold    . . .     Gourm    .   (no shield)
rNeg     . . .     Faith    .   k - -1 leather armour (curse)
rPois    .         Spirit   .   (no helmet)
rElec    .         Reflect  .   u - +1 cloak
rCorr    .         Harm     .   (no gloves)
MR       .....                  (no boots)
Stlth    ++........             (no amulet)
HPRegen  0.14/turn              (no ring)
MPRegen  0.10/turn              (no ring)

@: no status effects
A: no striking features
a: no special abilities


You were on level 4 of the Dungeon.
You were not hungry.

You visited 1 branch of the dungeon, and saw 4 of its levels.

You collected 181 gold pieces.

Inventory:

Hand Weapons
 a - a +2 dagger
 w - a +1 short sword of speed (weapon)
Missiles
 d - 10 poisoned darts (quivered)
 e - 2 curare-tipped darts
 t - 7 atropa-tipped darts
Armour
 k - a cursed -1 leather armour (worn)
 l - a +0 buckler
 u - a +1 cloak (worn)
 x - a +0 leather armour
Scrolls
 c - a scroll of enchant armour {unknown}
 g - 11 scrolls of identify {unknown}
 i - a scroll of teleportation {unknown}
 j - 2 scrolls of magic mapping {unknown}
 m - a scroll of immolation {unknown}
 o - a scroll of fog {unknown}
 p - a scroll of random uselessness {unknown}
 s - a scroll of fear {unknown}
 v - 2 scrolls of noise {unknown}
Potions
 b - a potion of agility {unknown}
 h - 2 potions of curing {unknown}
 n - 2 potions of heal wounds {unknown}
 r - a potion of brilliance {unknown}
 z - a potion of mutation {unknown}
Comestibles
 f - 6 rations
 q - a chunk of flesh


   Skills:
 - Level 2.0 Fighting
 * Level 6.6 Short Blades
 - Level 2.0 Throwing
 - Level 1.0 Dodging
 - Level 4.0 Stealth


You had 5 spell levels left.
You didn't know any spells.
Your spell library was empty.

Dungeon Overview and Level Annotations

Branches:
Dungeon (4/15)
 Temple: D:4-7

Altars:
Kikubaaqudgha

Annotations:
D:3 2 transporters, exclusion: 2 gnolls, Descartes's ghost, amateur SpWz


Message History

You throw a poisoned dart.
The poisoned dart barely misses the orc.
You hear some strange, mumbled words.
A puff of flame appears from out of thin air!
The puff of flame hits you.
* * * LOW HITPOINT WARNING * * *
You hit something but do no damage. You hit something but do no damage.
Something hits you but does no damage.
You hit something but do no damage. You miss something. Something hits you.
* * * LOW HITPOINT WARNING * * *
You barely miss something. You miss something. Something hits you.
* * * LOW HITPOINT WARNING * * *
You hit something but do no damage. You hit something but do no damage.
You hear some strange, mumbled words.
A puff of flame appears from out of thin air!
The puff of flame hits you!
You die...

### ..# #.#
#.#######(##
####.#..@{o(.(#
#......#####....
#.##.### ##. # #
#.##.# #...
#.##.##.# #..
#########..
#.......#
#..#.......#..
####.####
#..##.._..##..
#..#
#..P.......P..
#.##
##+............


You could see an orc.

Vanquished Creatures
  A scorpion (D:2)
  A bullfrog skeleton (D:4)
  An orc priest (D:4)
  A hound (D:4)
  A worker ant (D:4)
  A hound skeleton (D:4)
  5 adders
  An ooze (D:2)
  4 dart slugs
  7 orcs
  2 ball pythons
  4 giant cockroaches
  9 goblins
  5 hobgoblins
  12 jackals
  10 kobolds
  A quokka (D:2)
  4 bats
  3 frilled lizards
  9 rats
82 creatures vanquished.

Notes
Turn   | Place    | Note
-------+----------+-------------------------------------------
     0 | D:1      | Kagalorn the Human Assassin began the quest for the Orb.
     0 | D:1      | Reached XP level 1. HP: 16/16 MP: 1/1
    92 | D:1      | Reached XP level 2. HP: 18/22 MP: 2/2
   281 | D:1      | Reached skill level 3 in Short Blades
   390 | D:1      | Reached XP level 3. HP: 5/27 MP: 3/3
  1360 | D:2      | Reached skill level 4 in Short Blades
  1360 | D:2      | Reached XP level 4. HP: 27/33 MP: 4/4
  1907 | D:2      | Reached XP level 5. HP: 38/38 MP: 5/5
  1965 | D:2      | Reached skill level 5 in Short Blades
  2826 | D:3      | Found a transporter.
  2831 | D:3      | Found a transporter.
  2831 | D:3      | Noticed Descartes's ghost (amateur SpWz)
  3060 | D:3      | Noticed a centaur
  3600 | D:4      | Reached XP level 6. HP: 29/44 MP: 6/6
  3834 | D:4      | Reached skill level 6 in Short Blades
  4055 | D:4      | Found an ancient bone altar of Kikubaaqudgha.
  4471 | D:4      | HP: 2/44 [something (3)]
  4473 | D:4      | Killed from afar by an orc wizard

Levels and vault maps discovered:
D:1:      giann_horns, layout_basic
D:2:      layout_basic, first_ration, grunt_ministairs_9, minmay_quadrilaterals
D:3:      minmay_diamond_boxcup, layout_rooms, gammafunk_ghost_mausoleum
D:4:      layout_loops_corners, grunt_temple_overflow_bloody_war,
          yredelemnul_forgotten_temple_becter, kiku_gazebo_garden_becter

Skill      XL: |  1  2  3  4  5  6 |
---------------+-------------------+-----
Short Blades   | 3 4 5 6 |  6.6
Fighting       | |  2.0
Throwing       | |  2.0
Dodging        | |  1.0
Stealth        | |  4.0

Action                   |  1- 3 |  4- 6 || total
-------------------------+-------+-------++-------
Melee: Dagger            |   128 |    75 ||   203
       Short sword       |       |   166 ||   166
Throw: Dart              |     3 |    50 ||    53
 Stab: Sleeping          |     4 |     8 ||    12
  Eat: Chunk             |       |    11 ||    11
Armor: Leather armour    |    25 |    42 ||    67
Dodge: Dodged            |    71 |    92 ||   163
